 Dungeon Crawl Stone Soup version 0.17.1-2-g5865329 (console) character file.

10479 joosa the Protected (level 11, -1/89 HPs)
             Began as a Demonspawn Fighter on Jan 13, 2016.
             Was a Priest of Qazlal.
             Slain by a komodo dragon (19 damage)
             ... on level 1 of the Lair of Beasts.
             The game lasted 02:17:05 (14253 turns).

joosa the Protected (Demonspawn Fighter)           Turns: 14253, Time: 02:17:05

Health: -1/89      AC: 20    Str: 21    XL:     11   Next: 36%
Magic:  2/16       EV:  4    Int: 10    God:    Qazlal [***...]
Gold:   326        SH:  0    Dex: 13    Spells: 0 memorised, 10 levels left

rFire  . . .     SeeInvis .     K - +5 rod of clouds (5/11)
rCold  . . .     Clarity  .     E - +0 plate armour
rNeg   + . .     SustAt   .     (no shield)
rPois  .         Gourm    .     g - +0 helmet
rElec  .         Spirit   .     D - +0 cloak
rCorr  .         Warding  .     (gloves unavailable)
rMut   .         Stasis   .     (no boots)
MR     .....                    c - amulet of faith
Stlth  ..........               r - +2 ring of strength
                                H - ring of positive energy

@: held, studying Fire Magic, not resistant to hostile enchantments, extremely
unstealthy
A: claws 3, large bone plates 2
a: Upheaval, Elemental Force, Renounce Religion


You were on level 1 of the Lair of Beasts.
You worshipped Qazlal.
Qazlal was most pleased with you.
You were hungry.

You visited 3 branches of the dungeon, and saw 12 of its levels.
You also visited: Labyrinth and Ossuary.

You collected 503 gold pieces.
You spent 177 gold pieces at shops.

Inventory:

Hand Weapons
 a - a +2 dire flail of freezing
 b - a +2 arbalest of freezing
 i - a +0 dire flail of protection
 y - a +3 whip of electrocution
 M - the +9 scimitar "Impbane" {elec, Str+6}
   (You found it in a labyrinth)

   Occasionally, upon striking a foe, it will discharge some electrical energy
   and cause terrible harm.
   It affects your strength (+6).
Missiles
 e - a throwing net (quivered)
 h - 91 bolts
Armour
 g - a +0 helmet (worn)
 D - a +0 cloak (worn)
 E - a +0 plate armour (worn)
Rods
 q - a +2 iron rod (10/10)
   (You took it off an orc on level 9 of the Dungeon)
 K - a +5 rod of clouds (5/11) (weapon)
   (You found it in a labyrinth)
Jewellery
 c - an amulet of faith (around neck)
 r - a +2 ring of strength (right claw)
 u - a +2 ring of dexterity
 z - an uncursed ring of ice
 H - a ring of positive energy (left claw)
Wands
 j - a wand of digging (16)
 l - a wand of frost (28)
 x - a wand of disintegration (13)
 I - a wand of magic darts (12)
 J - a wand of paralysis (12)
Scrolls
 f - 2 scrolls of teleportation
 n - 6 scrolls of identify
 o - a scroll of fog {unknown}
 p - a scroll of vulnerability {unknown}
 C - 2 scrolls of remove curse
 G - 2 scrolls of recharging
Potions
 d - a potion of invisibility
 k - 2 potions of beneficial mutation
 t - a potion of lignification {unknown}
 v - 3 potions of curing
 B - a potion of cancellation
 F - 2 potions of flight
Books
 L - a manual of Fire Magic
Miscellaneous
 N - a disc of storms
 O - a lantern of shadows
Comestibles
 m - 3 chunks of flesh
 s - 7 meat rations


   Skills:
 - Level 9.0 Fighting
   Level 3.9(5.2) Axes
 - Level 5.3(6.0) Maces & Flails
 + Level 5.3 Crossbows
 + Level 10.2 Armour
   Level 3.0 Shields
 - Level 3.9 Unarmed Combat
 - Level 7.0 Invocations


You had 10 spell levels left.
You didn't know any spells.

Dungeon Overview and Level Annotations

Branches:
Dungeon (10/15)            Temple (1/1) D:4            Lair (1/8) D:9
    Orc: D:9-12

Altars:
Ashenzari
Cheibriados
Dithmenos
Elyvilon
Fedhas
Gozag
Kikubaaqudgha
Makhleb
Nemelex Xobeh
Okawaru
Qazlal
Ru
Sif Muna
Trog
Vehumet
Xom
Yredelemnul
Zin
The Shining One

Shops:
D:5 }:   D:7 (   D:8 *   D:9 [}%

Annotations:
D:7 Yermak's ghost, novice FoSk
D:10 hilly giant!
Lair:1 Uhlv's ghost, novice MiBe


Innate Abilities, Weirdness & Mutations

You have claws for hands.
You are mostly covered in large bone plates (AC +3, SH +3).


Message History

Drink which item? (? for menu, Esc to quit)
You feel much better.
Your water elemental barely misses Harold.
The komodo dragon bites you!
* * * LOW HITPOINT WARNING * * *
Harold is engulfed in roaring flames.
You kill Harold!
Qazlal accepts your kill.
Harold groans, "My... family..." and then collapses, dead.
Okay, then.
You struggle against the net.
The iguana bites you but does no damage.
The komodo dragon bites you!
* * * LOW HITPOINT WARNING * * *
Drink which item? (? for menu, Esc to quit)
You feel better.
Your water elemental disappears in a puff of smoke!
The iguana bites you but does no damage.
The komodo dragon bites you!!
You die...

## ## ## #...# ##P##....
#... # ....≈...# #..# #
..§≈... #..# . .§.§.#
##..# #### .% #.§.#
#...#####... P...#§§§#
###P..P##.....
%%...§E@###.#...###....>
.....§lEl....:.......≈≈.
..P......%....#####.≈≈≈≈
####.#P....#.......≈≈≈≈≈
####....#.......≈≈≈≈≈
#..(..........≈≈≈≈
#..............≈≈≈
#....#........#...
#....#...#.##.#...


You could see a komodo dragon, an iguana and 2 friendly water elementals.

Vanquished Creatures
  A minotaur (Lab)
  Harold (Lair:1)
  Erolcha (D:8)
  2 spiny frogs (Lair:1)
  2 trolls (D:9)
  Grinder (D:4)
  2 two-headed ogres (D:8)
  A hungry ghost (D:7)
  2 wyverns
  A hippogriff (D:9)
  Duvessa (D:6)
  2 porcupines (Lair:1)
  2 ice beasts
  2 wasps
  An eye of draining (D:9)
  4 phantoms
  2 sky beasts
  6 ogres
  3 orc warriors
  6 centaurs
  2 necrophages (D:8)
  A crocodile (Lair:1)
  7 giant frogs
  The ghost of Britaniac the Firebug, an amateur GrFE (D:5)
  A wyvern zombie (D:9)
  Dowan (D:6)
  3 water moccasin zombies (Ossuary)
  5 scorpions
  4 killer bees
  5 crimson imps
  2 jellies
  4 orc priests
  8 hounds
  13 orc wizards
  5 wights (D:8)
  A centaur zombie (D:5)
  Crazy Yiuf (D:2)
  Ijyb (D:2)
  Terence (D:3)
  4 worker ants
  An iguana (D:4)
  5 centaur skeletons
  A big kobold zombie (Ossuary)
  The ghost of Yermak the Skirmisher, a weakling FoSk (D:5)
  2 ogre skeletons (Lab)
  A hound zombie (D:7)
  2 mummies (Ossuary)
  2 worker ant zombies
  Robin (D:1)
  7 gnolls
  14 adders
  2 shadow imps
  An ooze (D:3)
  5 adder zombies
  3 worms
  5 giant geckos
  53 orcs
  3 ball pythons
  7 bats
  2 giant cockroaches
  21 goblins
  10 hobgoblins
  16 jackals
  6 quokkas
  A giant gecko skeleton (D:6)
  2 giant newts
  4 gnoll zombies (Ossuary)
  7 hobgoblin zombies (Ossuary)
  A jackal skeleton (D:4)
  6 kobolds
  8 kobold zombies (Ossuary)
  5 orc zombies (Ossuary)
  2 quokka skeletons
  11 rats
  2 fungi
  A plant (Lair:1)
334 creatures vanquished.

Vanquished Creatures (collateral kills)
  A giant gecko (D:9)
  An orc (D:9)
2 creatures vanquished.

Vanquished Creatures (others)
  An orc wizard (D:4)
1 creature vanquished.

Grand Total: 337 creatures vanquished

Notes
Turn   | Place    | Note
--------------------------------------------------------------
     0 | D:1      | joosa the Demonspawn Fighter began the quest for the Orb.
     0 | D:1      | Reached XP level 1. HP: 18/18 MP: 1/1
   124 | D:1      | Gained mutation: You have sharp fingernails. [demonic ancestry]
   124 | D:1      | Reached XP level 2. HP: 24/24 MP: 2/2
   978 | D:2      | Noticed Robin
   983 | D:1      | Reached XP level 3. HP: 24/29 MP: 3/3
  1016 | D:2      | Noticed Ijyb
  1027 | D:2      | Killed Ijyb
  1027 | D:2      | Gained mutation: You have very sharp fingernails. [demonic ancestry]
  1027 | D:2      | Reached XP level 4. HP: 8/35 MP: 4/4
  1975 | D:2      | Found a bloodstained altar of Trog.
  2083 | D:2      | You fall through a shaft for 2 floors!
  2083 | D:4      | Found a sand-covered staircase.
  2093 | Ossuary  | Entered an ossuary
  2366 | Ossuary  | Reached skill level 4 in Fighting
  2366 | Ossuary  | Reached XP level 5. HP: 34/42 MP: 5/5
  2984 | Ossuary  | Gained mutation: You are partially covered in large bone plates (AC +2, SH +2). [demonic ancestry]
  2984 | Ossuary  | Reached XP level 6. HP: 11/49 MP: 6/6
  3647 | D:4      | Found a staircase to the Ecumenical Temple.
  3650 | D:4      | Noticed a phantom
  3653 | Temple   | Entered the Ecumenical Temple
  3988 | Temple   | Became a worshipper of Qazlal Stormbringer
  4061 | D:4      | Killed a phantom
  4061 | D:4      | Reached skill level 5 in Fighting
  4061 | D:4      | Reached skill level 1 in Maces & Flails
  4061 | D:4      | Reached XP level 7. HP: 50/56 MP: 7/7
  4502 | D:2      | Noticed Crazy Yiuf
  4514 | D:2      | Killed Crazy Yiuf
  4514 | D:2      | Reached skill level 5 in Armour
  4866 | D:3      | Found a basalt altar of Yredelemnul.
  4879 | D:3      | Reached * piety under Qazlal
  5075 | D:3      | Noticed Terence
  5088 | D:3      | Killed Terence
  5231 | D:3      | Found a sparkling altar of Nemelex Xobeh.
  5522 | D:4      | Noticed an ogre
  5539 | D:4      | Killed an ogre
  5692 | D:4      | Reached skill level 6 in Fighting
  5692 | D:4      | Gained mutation: You are mostly covered in large bone plates (AC +3, SH +3). [demonic ancestry]
  5692 | D:4      | Reached XP level 8. HP: 55/64 MP: 8/8
  5882 | D:4      | Reached ** piety under Qazlal
  6007 | D:4      | Noticed Grinder
  6020 | D:4      | Paralysed by Grinder for 3 turns
  6075 | D:5      | Entered Level 5 of the Dungeon
  6142 | D:5      | Noticed Yermak's ghost (weakling FoSk)
  6375 | D:5      | Found Jattidun's Book Shoppe.
  6424 | D:5      | Found a shimmering altar of Xom.
  6426 | D:5      | Found a shimmering altar of Xom.
  6426 | D:5      | Found a shimmering altar of Xom.
  6426 | D:5      | Found a shimmering altar of Xom.
  6426 | D:5      | Found a shimmering altar of Xom.
  6531 | D:5      | Found Joco's Quality Used Wands.
  6536 | D:5      | Noticed Britaniac's ghost (amateur GrFE)
  6555 | D:5      | Killed Britaniac's ghost
  6649 | D:5      | Reached skill level 7 in Fighting
  6900 | D:5      | Killed Yermak's ghost
  6903 | D:5      | Found a glowing golden altar of the Shining One.
  7391 | D:6      | Reached XP level 9. HP: 63/72 MP: 9/9
  7429 | D:6      | Reached skill level 5 in Maces & Flails
  7588 | D:6      | Noticed Duvessa
  7601 | D:6      | Noticed Dowan
  7609 | D:6      | Killed Duvessa
  7615 | D:6      | Killed Dowan
  7952 | D:6      | Reached *** piety under Qazlal
  8261 | D:7      | Reached skill level 8 in Fighting
  8740 | D:7      | Reached skill level 1 in Invocations
  8771 | D:7      | Found a glowing golden altar of the Shining One.
  8992 | D:7      | Noticed Yermak's ghost (novice FoSk)
  9264 | D:7      | Found Zatimaz's Antique Weapon Boutique.
  9335 | D:7      | Found an ancient bone altar of Kikubaaqudgha.
  9537 | D:4      | Killed Grinder
  9864 | D:1      | Killed Robin
 10024 | D:8      | Found an iron altar of Okawaru.
 10293 | D:7      | Reached skill level 9 in Fighting
 10306 | D:8      | Gained mutation: You have claws for hands. [demonic ancestry]
 10306 | D:8      | Reached XP level 10. HP: 75/82 MP: 13/13
 10334 | D:8      | Found a deep blue altar of Sif Muna.
 10405 | D:8      | Reached skill level 1 in Unarmed Combat
 10443 | D:8      | Reached skill level 5 in Invocations
 10671 | D:8      | Found a radiant altar of Vehumet.
 10683 | D:8      | Noticed a centaur skeleton
 10685 | D:8      | Noticed Erolcha
 10701 | D:8      | Killed Erolcha
 10707 | D:8      | Killed a centaur skeleton
 11093 | D:7      | Bought a glowing arbalest for 117 gold pieces
 11360 | D:8      | Found Luesokh's General Store.
 11367 | D:8      | Bought a potion of heal wounds for 60 gold pieces
 11521 | D:9      | Reached skill level 1 in Crossbows
 11685 | D:9      | Reached **** piety under Qazlal
 11782 | D:9      | Found Jaxudeon's Gadget Shop.
 11841 | D:9      | Found Ydureas's Antique Armour Emporium.
 12702 | D:9      | Found a staircase to the Lair.
 12718 | D:9      | Found Aschoicu's Food Boutique.
 12913 | D:9      | Reached XP level 11. HP: 56/87 MP: 16/16
 13004 | D:10     | Entered Level 10 of the Dungeon
 13012 | D:10     | Noticed a hill giant
 13219 | Lair:1   | Entered Level 1 of the Lair of Beasts
 13454 | Lair:1   | Noticed a four-headed hydra
 13546 | Lair:1   | Noticed Uhlv's ghost (novice MiBe)
 13561 | Lair:1   | Found a labyrinth entrance.
 13570 | Lab      | Entered a labyrinth
 14113 | Lab      | Noticed a minotaur
 14121 | Lab      | Killed a minotaur
 14121 | Lab      | Reached skill level 10 in Armour
 14132 | Lab      | Identified the Compendium of Ignition and Attacks
 14133 | Lab      | Identified a +5 rod of clouds (11/11) (You found it in a labyrinth)
 14134 | Lab      | Got a dazzling scimitar
 14135 | Lab      | Identified the +9 scimitar "Impbane" {elec, Str+6} (You found it in a labyrinth)
 14244 | Lair:1   | Noticed Harold
 14250 | Lair:1   | Reached skill level 5 in Crossbows
 14251 | Lair:1   | Killed Harold
 14253 | Lair:1   | Slain by a komodo dragon

Action                   |  1- 3 |  4- 6 |  7- 9 | 10-12 || total
-------------------------+-------+-------+-------+-------++-------
Melee: War axe           |    84 |   253 |    29 |       ||   366
       Whip              |       |    17 |   594 |   117 ||   728
       Dire flail        |       |       |       |   218 ||   218
 Fire: Hunting sling     |       |    13 |    29 |       ||    42
       Arbalest          |       |       |       |    13 ||    13
Throw: Stone             |    27 |       |       |       ||    27
       Throwing net      |       |     2 |     4 |     1 ||     7
Invok: Upheaval          |       |       |     6 |     3 ||     9
       Elemental Force   |       |       |       |     3 ||     3
Evoke: Wand              |       |       |     1 |       ||     1
       Rod               |       |       |       |     1 ||     1
  Use: Potion            |     3 |    12 |     6 |     7 ||    28
       Scroll            |     1 |     1 |    14 |     6 ||    22
 Stab: Distracted        |       |       |     1 |       ||     1
       Held in net/web   |       |       |     1 |       ||     1
  Eat: Chunk             |       |     5 |    12 |     8 ||    25
       Meat ration       |       |     1 |       |       ||     1
       Bread ration      |       |     1 |     2 |     1 ||     4
       Beef jerky        |       |       |     1 |     1 ||     2
